 Dungeon Crawl Stone Soup version 0.20.0-15-g7f486f2 (webtiles) character file.

21 ANON1729 the Conjurer (level 2, -3/15 HPs)
             Began as a Tengu Conjurer on June 20, 2017.
             Slain by a goblin
             ... wielding a +0 dagger
              (6 damage)
             ... on level 1 of the Dungeon.
             The game lasted 00:03:44 (693 turns).

ANON1729 the Conjurer (Tengu Conjurer)               Turns: 693, Time: 00:03:45

Health: -3/15      AC:  2    Str:  8    XL:     2   Next: 83%
Magic:  0/6        EV: 12    Int: 15    God:
Gold:   40         SH:  0    Dex: 14    Spells: 4/5 levels left

rFire    . . .     SeeInvis .   (no weapon)
rCold    . . .     Gourm    .   (no shield)
rNeg     . . .     Faith    .   a - +0 robe
rPois    .         Spirit   .   (helmet restricted)
rElec    .         Reflect  .   (no cloak)
rCorr    .         Harm     .   (no gloves)
MR       .....     Rnd*Tele +   (boots unavailable)
Stlth    ++........             (no amulet)
Regen    0.1/turn               k - ring of teleportation (curse)
MPRegen  0.1/turn               (no ring)

@: no status effects
A: beak, talons 3
a: no special abilities


You were on level 1 of the Dungeon.
You were not hungry.

You visited 1 branch of the dungeon, and saw 1 of its levels.

You collected 40 gold pieces.

Inventory:

Missiles
 g - 30 arrows
 n - 2 stones (quivered)
Armour
 a - a +0 robe (worn)
Jewellery
 k - a cursed ring of teleportation (left hand)
Scrolls
 i - a scroll of amnesia {unknown}
Potions
 e - 2 potions of haste {unknown}
 h - a potion of mutation {unknown}
 j - 2 potions of curing {unknown}
 m - a potion of agility {unknown}
Books
 b - a book of Conjurations

   Spells                             Type                      Level
   a - Magic Dart                     Conjuration                  1
   b - Searing Ray                    Conjuration                  2
   c - Dazzling Spray                 Conjuration/Hexes            3
   d - Fulminant Prism                Conjuration/Hexes            4
   e - Force Lance                    Conjuration/Translocation    4
   f - Iskenderun's Mystic Blast      Conjuration                  4
Comestibles
 c - 3 bread rations
 d - a fruit
 f - 4 chunks of flesh
 l - a meat ration


   Skills:
 - Level 2.1 Dodging
 - Level 2.1 Stealth
 + Level 2.2 Spellcasting
 + Level 6.0 Conjurations


You had 4 spell levels left.
You knew the following spells:

 Your Spells              Type           Power        Failure   Level  Hunger
a - Magic Dart            Conj           ###.         1%          1    #......


Dungeon Overview and Level Annotations

Branches:
Dungeon (1/15)

Altars:


Innate Abilities, Weirdness & Mutations

You have a beak for a mouth.
You have claws for feet.


Message History

The goblin shoots a stone.
The stone hits you but does no damage.
The goblin shoots a stone.
The stone hits you.
* * * LOW HITPOINT WARNING * * *
n - 2 stones The goblin shoots a stone.
The stone misses you.
The goblin unwields an uncursed hunting sling.
The goblin wields an uncursed dagger.
The goblin misses you.
Casting: Magic Dart
Confirm with . or Enter, or press ? or * to list all spells.
Aiming: Magic Dart
Press: ? - help, Shift-Dir - straight line, f/p - goblin
Aim: a goblin, wielding a dagger and wearing a chain mail (moderately wounded)
The magic dart hits the goblin.
The goblin is moderately wounded.
The goblin barely misses you.
You hit the goblin but do no damage. You claw the goblin, but do no damage.
You peck the goblin, but do no damage.
The goblin is moderately wounded.
The goblin hits you with an uncursed dagger.
You die...

#.# #.#
#####...# #...
#.####### ##.##
##### #.)....(#
#.# # #######.#
#)# # #.# #.#
## #.# #.# .#
#(# #.# .# #.#
#.# .# #@#
#####.# ## #
#g# #)....# #
#...###.#######
#.##### #
#..g...(>......
#.# #
#...###.######.
#.# .. #.# #.#
#.# #.##### ..#
#.....# ..#
#####.#


You could see a goblin.

Vanquished Creatures
  A dart slug (D:1)
  3 bats (D:1)
  2 goblins (D:1)
  2 hobgoblins (D:1)
  4 frilled lizards (D:1)
  3 kobolds (D:1)
  6 rats (D:1)
21 creatures vanquished.

Notes
Turn   | Place    | Note
-------+----------+-------------------------------------------
     0 | D:1      | ANON1729 the Tengu Conjurer began the quest for the Orb.
     0 | D:1      | Reached XP level 1. HP: 10/10 MP: 4/4
   143 | D:1      | Reached XP level 2. HP: 15/15 MP: 0/6
   470 | D:1      | Reached skill level 6 in Conjurations
   693 | D:1      | Slain by a goblin

Skill      XL: |  1  2 |
---------------+-------+-----
Conjurations   | 6 |  6.0
Dodging        | |  2.1
Stealth        | |  2.1
Spellcasting   | |  2.2

Action                   || total
-------------------------++-------
Melee: Unarmed           ||     1
       Kick              ||     1
       Peck              ||     1
 Cast: Magic Dart        ||    41
Armor: Robe              ||     3
Dodge: Dodged            ||     7
